AoeStats
← calexzp

Black Forest

508817548Analyzed
2v2 RM · 9d ago on Sep 24, 2026· 26m 48s· 4 players
Game mode
Random Map
Map size
Medium (4 player)
Population
200
Speed
Normal
Resources
Standard
Victory
Conquest
Starting age
Dark Age
Ending age
Imperial Age
RankedLock teamsTeams togetherTeam positionsShared explorationLock speedFull tech treeHidden civsTurbo modeCheats
Victory
Defeat
🇲🇽 Cumans · Mexico
825
+19
🇲🇽 Japanese · Mexico
823
+19
🇲🇽 Danes · Mexico
927
-20
🇲🇽 Saracens · Mexico
863
-18
lozanotuu
1:43 Loom
11:14 Feudal Age
13:16 Wheelbarrow
12:28 Double-Bit Axe
19:14 Castle Age
17:50 Forging
17:23 Horse Collar
17:54 Man-at-Arms
EL GENERAL RAFA
0:43 Loom
11:46 Feudal Age
12:41 Double-Bit Axe
14:09 Gold Mining
16:35 Man-at-Arms
18:59 Wheelbarrow
22:24 Castle Age
23:02 Forging
22:52 Scale Mail Armor
22:36 Horse Collar
22:54 Stone Mining
26:14 Pikeman
26:55 Squires
calexzp
5:18 Loom
9:25 Feudal Age
10:55 Wheelbarrow
14:48 Double-Bit Axe
16:10 Horse Collar
28:51 Castle Age
GENTE DEL CDN
7:21 Loom
11:40 Feudal Age
12:08 Double-Bit Axe
16:28 Horse Collar
16:55 Man-at-Arms
17:40 Scale Mail Armor
18:13 Forging
19:49 Wheelbarrow
24:47 Castle Age
26:20 Hand Cart
26:45 Bow Saw
26:41 Heavy Plow
26:41 Gold Mining
27:31 Iron Casting
27:13 Chain Mail Armor
Connection lost

Rejoining the realm…

Still unreachable

The connection could not be restored.

Session expired

The server has moved on; the page needs a fresh start.